 Dungeon Crawl Stone Soup version 0.27.1-33-g824d729ab1 (webtiles) character file.

Game seed: 8230530523222936326

38 comborobin the Sneak (level 3, 0/29 HPs)
             Began as a Merfolk Delver on Dec 28, 2021.
             Constricted to death by a ball python (1 damage)
             ... on level 3 of the Dungeon.
             The game lasted 00:02:01 (612 turns).

comborobin the Sneak (Merfolk Delver)                Turns: 612, Time: 00:02:02

Health: 0/29       AC:  3    Str: 13    XL:     3   Next: 43%
Magic:  3/3        EV:  9    Int:  9    God:
Gold:   59         SH:  0    Dex: 15    Spells: 2/2 levels left

rFire    + . .     SeeInvis .   a - +0 scimitar
rCold    . . .     Faith    .   (no shield)
rNeg     . . .     Spirit   .   b - +0 leather armour
rPois    .         Reflect  .   (no helmet)
rElec    .         Harm     .   (no cloak)
rCorr    .         Rampage  .   (no gloves)
Will     .....                  (no boots)
Stlth    +++.......             (no amulet)
HPRegen  0.09/turn              i - ring of protection from fire
MPRegen  0.08/turn              (no ring)

@: constricted
A: (nimble swimmer 2), mertail
a: no special abilities


You were on level 3 of the Dungeon.
You visited 1 branch of the dungeon, and saw 4 of its levels.

You collected 59 gold pieces.

Inventory:

Hand Weapons
 a - a +0 scimitar (weapon)
 h - a +0 spear
 l - a +0 trident
Armour
 b - a +0 leather armour (worn)
Jewellery
 i - a ring of protection from fire (left hand)
Wands
 g - a wand of digging (3)
Scrolls
 c - 2 scrolls of fog
 d - a scroll of magic mapping
 e - a scroll of fear
 j - a scroll of immolation {unknown}
 m - a scroll of identify {unknown}
Potions
 f - a potion of haste
 k - 2 potions of attraction {unknown}
 n - a potion of mutation {unknown}


   Skills:
 - Level 3.2 Fighting
 + Level 2.7 Long Blades
 - Level 3.8 Polearms
 - Level 2.6 Dodging
 - Level 5.4 Stealth


You had 2 spell levels left.
You didn't know any spells.
Your spell library contained the following spells:

 Spells                   Type           Power      Damage    Failure   Level
 Sandblast                Erth           0%         2d4       45%         1
 Passwall                 Tmut/Erth      0%         N/A       61%         2
 Lee's Rapid Deconstruct  Erth           0%         3d5*      100%        5


Dungeon Overview and Level Annotations

Branches:
Dungeon (6/15)
 Temple: D:4-7

Altars:


Innate Abilities, Weirdness & Mutations

((You are quick and stealthy near water. (Stealth+, EV+, Speed+++)))
Your lower body shifts to a powerful aquatic tail in water.


Message History

You are too injured to fight recklessly!
There are monsters nearby!
You are too injured to fight recklessly!
You are too injured to fight recklessly!
You are too injured to fight recklessly!
You are too injured to fight recklessly!
You hit the ball python.
The ball python is moderately wounded.
The ball python barely misses you. The ball python grabs you.
The ball python constricts you.
The hobgoblin hits you with a +0 dagger.
* * * LOW HITPOINT WARNING * * *
The ball python barely misses you. The ball python constricts you.
* * * LOW HITPOINT WARNING * * *
The hobgoblin closely misses you.
You riposte.
You hit the hobgoblin.
The hobgoblin is lightly wounded.
You slash the hobgoblin!
You kill the hobgoblin!
The ball python bites you.
* * * LOW HITPOINT WARNING * * *
The ball python constricts you.
Unknown command.
Unknown command.
You escape the ball python's grasp.
The ball python bites you.
* * * LOW HITPOINT WARNING * * *
The ball python closely misses you.
Things that are here:
a +0 dagger; 5 gold pieces Unknown command.
Unknown command.
You barely miss the ball python.
The ball python is moderately wounded.
The ball python barely misses you. x2
Unknown command.
Unknown command.
You closely miss the ball python.
The ball python is moderately wounded.
The ball python closely misses you. The ball python grabs you.
The ball python constricts you.
You die...

#.##....# .. #..#....# ...
#..#....# ...#####..#....#
...............#
............#..#
.........#..#..#########
.......S...............#
.####.@................
#.#.##....#.#..##.#
................##.#
.....###.....#.#..##.#
........................
.......###..<..#.#..##.#
.................#..##.#
...............#.###.....#
........... ............#
#.###.#


You could see a ball python.

Vanquished Creatures
  Terence (D:3)
  An orc (D:3)
  An endoplasm (D:4)
  2 giant cockroaches
  A hobgoblin (D:3)
  A kobold (D:4)
  2 quokkas
  A bat (D:3)
  A rat (D:3)
11 creatures vanquished.

Notes
Turn   | Place    | Note
-------+----------+-------------------------------------------
     0 | D:5      | comborobin the Merfolk Delver began the quest for the Orb.
     0 | D:5      | Reached XP level 1. HP: 18/18 MP: 1/1
     5 | D:6      | Noticed a wight
     5 | D:6      | Noticed a black bear
   156 | D:4      | Noticed an orc wizard
   156 | D:4      | Noticed an orc wizard
   207 | D:3      | Reached XP level 2. HP: 24/24 MP: 2/2
   281 | D:3      | Reached skill level 1 in Long Blades
   407 | D:3      | Noticed Terence
   418 | D:3      | Killed Terence
   419 | D:3      | Reached XP level 3. HP: 17/29 MP: 3/3
   610 | D:3      | HP: 1/29 [ball python (1)]
   612 | D:3      | Constricted to death by a ball python

Illustrated notes

Levels and vault maps discovered:
D:3:      layout_basic, corexii_corridor_pit, columned_hall_lemuel,
          uniq_terence, uniq_grinder
D:4:      layout_cave_pools, nzn_wu_jian_contemplation,
          mainiacjoe_overflow_concentric_impassable, minmay_temple_entry_oklob,
          grunt_ministairs_14, minmay_fractal_squares_gapless_5
D:5:      layout_layer_cave, minmay_ruined_shrine
D:6:      cheibrodos_barr_body, layout_basic, mainiacjoe_overflow_24_doors,
          grunt_ministairs_6

Skill      XL: |  1  2 |
---------------+-------+-----
Long Blades    | 2 |  2.7
Fighting       | |  3.2
Polearms       | |  3.8
Dodging        | |  2.6
Stealth        | |  5.4

Action                   || total
-------------------------++-------
Melee: Spear             ||    14
       Scimitar          ||    24
 Stab: Sleeping          ||     4
Armor: Leather armour    ||     7
Dodge: Dodged            ||    26
       Rpst.: Scimitar   ||     8
